 Dungeon Crawl Stone Soup version 0.25-a0-1056-g2efb326896 (webtiles) character file.

Game seed: 9451430148755419878, levelgen mode: deterministic

4733 Esekla the Magician (level 10, 0/63 HPs)
             Began as an Octopode Wizard on May 13, 2020.
             Was a Priest of Qazlal.
             Slain by a killer bee (9 damage)
             ... on level 9 of the Dungeon.
             The game lasted 01:25:44 (9978 turns).

Esekla the Magician (Octopode Wizard)               Turns: 9978, Time: 01:25:49

Health: 0/63       AC:  1    Str:  8    XL:     10   Next: 46%
Magic:  17/20      EV: 14    Int: 25    God:    Qazlal [***...]
Gold:   37         SH:  4    Dex: 11    Spells: 13/23 levels left

rFire    . . .     SeeInvis .   x - +1 spear (venom)
rCold    + . .     Gourm    .   (no shield)
rNeg     . . .     Faith    .   a - +0 hat
rPois    .         Spirit   .   N - amulet of the acrobat
rElec    .         Reflect  .   B - +3 ring of intelligence
rCorr    .         Harm     .   O - ring of protection from cold
MR       .....                  (no ring)
Stlth    ++........             (no ring)
HPRegen  0.20/turn              (no ring)
MPRegen  0.17/turn              (no ring)
                                (no ring)
                                (no ring)

@: lethally poisoned (0 -> -8)
A: almost no armour, stealthy swim, amphibious, 8 rings, constrict 8, camouflage
1, gelatinous body 1
a: Upheaval, Elemental Force, Renounce Religion


You were on level 9 of the Dungeon.
You worshipped Qazlal.
Qazlal was most pleased with you.
You were not hungry.

You visited 2 branches of the dungeon, and saw 11 of its levels.

You collected 387 gold pieces.
You spent 350 gold pieces at shops.

Inventory:

Hand Weapons
 e - a +0 short sword of electrocution
 x - a +1 spear of venom (weapon)
 A - the +0 falchion "Usouggae" {drain, Str+4 Int+4 Stlth-}
   (You found it on level 6 of the Dungeon)

   A truly terrible weapon, it drains the life of those it strikes.
   It affects your strength (+4).
   It affects your intelligence (+4).
   It makes you less stealthy.
Missiles
 v - 4 curare-tipped darts
 y - 2 boomerangs
 I - 3 silver boomerangs
 P - 7 poisoned darts (quivered)
Armour
 a - a +0 hat (worn)
 n - a +0 buckler
Jewellery
 g - an uncursed amulet of magic regeneration
 s - an uncursed amulet of regeneration
 z - an uncursed ring of teleportation
 B - a +3 ring of intelligence (left tentacle)
 N - an amulet of the acrobat (around mantle)
 O - a ring of protection from cold (right tentacle)
Wands
 f - a wand of disintegration (12)
 i - a wand of polymorph (15)
 m - a wand of flame (23)
 L - a wand of random effects (15)
Scrolls
 d - 2 scrolls of amnesia {unknown}
 l - a scroll of immolation
 p - a scroll of enchant armour
 q - 2 scrolls of teleportation {unknown}
 w - 3 scrolls of magic mapping {unknown}
 F - 2 scrolls of fear
 H - a scroll of blinking
 K - 3 scrolls of identify
 Q - 7 scrolls of remove curse
Potions
 b - a potion of lignification
 h - 2 potions of invisibility {unknown}
 k - a potion of brilliance {unknown}
 o - a potion of resistance {unknown}
 r - a potion of stabbing {unknown}
 t - 2 potions of curing
 u - a potion of flight {unknown}
 C - a potion of berserk rage {unknown}
 D - 2 potions of degeneration
 E - 2 potions of might {unknown}
 G - a potion of cancellation {unknown}
 J - a potion of mutation {unknown}
 M - a potion of heal wounds
Comestibles
 c - 20 rations


   Skills:
 + Level 3.4 Fighting
 - Level 0.7(2.6) Short Blades
 + Level 4.1(4.2) Long Blades
 + Level 3.1 Polearms
 + Level 1.0 Throwing
 + Level 3.8 Dodging
 - Level 2.7 Stealth
 * Level 4.9 Shields
 * Level 7.3 Spellcasting
 + Level 4.0 Conjurations
   Level 1.0 Summonings
 + Level 3.2 Translocations
 * Level 2.7 Fire Magic
 + Level 4.4 Air Magic
 * Level 6.3 Poison Magic


You had 13 spell levels left.
You knew the following spells:

 Your Spells              Type           Power        Failure   Level  Hunger
a - Apportation           Tloc           ####..       1%          1    None
b - Blink                 Tloc           N/A          2%          2    None
c - Mephitic Cloud        Conj/Pois/Air  ####....     2%          3    None
d - Magic Dart            Conj           ####         1%          1    None
f - Conjure Flame         Conj/Fire      ####....     4%          3    None

Your spell library contained the following spells:

 Spells                   Type           Power        Failure   Level  Hunger
 Summon Small Mammal      Summ           ##..         4%          1    None
 Call Imp                 Summ           ##......     6%          2    None
 Animate Skeleton         Necr           N/A          7%          1    None
 Corona                   Hex            #......      7%          1    None
 Slow                     Hex            #.......     10%         2    None


Dungeon Overview and Level Annotations

Branches:
Dungeon (10/15)            Temple (1/1) D:5
   Lair: D:8-11         Orc: D:9-12

Altars:
Ashenzari
Cheibriados
Elyvilon
Fedhas
Gozag
Hepliaklqana
Kikubaaqudgha
Makhleb
Okawaru
Qazlal
Ru
Sif Muna
Trog
Uskayaw
Vehumet
Wu Jian
Xom
Yredelemnul
Zin
The Shining One

Shops:
D:6 ?:(

Annotations:
D:8 Gastronok
D:10 Urug


Innate Abilities, Weirdness & Mutations

You cannot wear most types of armour.
You are very stealthy in the water. (Stealth+)
You are amphibious.
You can wear up to eight rings at the same time.
You can use your tentacles to constrict eight enemies at once.
Your skin changes colour to match your surroundings (Stealth+).
Your rubbery body absorbs attacks. (AC +1, EV +1)


Message History

The killer bee is almost dead.
You constrict the killer bee.
You kill the killer bee!
Qazlal accepts your kill.
You hit the killer bee.
The killer bee is poisoned.
You grab the killer bee.
The killer bee is lightly wounded.
You constrict the killer bee. The killer bee barely misses you.
You block the killer bee's attack.
Casting: Magic Dart (safe; 1% risk of failure)
Confirm with . or Enter, or press ? or * to list all spells.
Aiming: Magic Dart (safe; 1% risk of failure)
Press: ? - help, Shift-Dir - straight line, f - killer bee
Aim: a killer bee (moderately wounded, constricted by you, very poisoned)
The magic dart hits the killer bee.
The killer bee is heavily wounded.
You constrict the killer bee.
You feel sick. The killer bee stings you!
* * * LOW HITPOINT WARNING * * *
You are more poisoned.
The killer bee poisons you! The killer bee stings you!
You die...

#.######################
'..............>..../...
#.#####################
#.#)[)%$...........°○○# ....
#.###################○# .....
#.#..°°°°°°°°°.....°○.# ....
#.##+##################
.....#..ysy@...........#
####+#...(...y#############.#
# .....#.##'###.# #.## #
......Z.......# #..# #
.......÷...#..# ########.####
#..y..<....#..# .............
#.#####....#..# ....≈≈.......
.....#..# ....≈≈.......
.....##### .............


You could see a scorpion and 3 killer bees.

Vanquished Creatures
  A two-headed ogre (D:8)
  Pikel (D:5)
  Joseph (D:8)
  Maurice (D:10)
  2 hippogriffs
  An orc warrior (D:6)
  3 sky beasts
  A phantom (D:7)
  4 slaves
  3 ogres
  A necrophage (D:5)
  5 bullfrogs
  A water moccasin zombie (D:5)
  A wyvern skeleton (D:8)
  4 killer bees
  3 howler monkeys
  A crimson imp (D:7)
  A quasit (D:6)
  A bullfrog skeleton (D:7)
  3 jellies (D:8)
  4 hounds
  4 orc wizards
  4 orc priests
  A centaur skeleton (D:6)
  3 iguanas
  4 worker ants
  A hound zombie (D:10)
  4 hound skeletons
  3 gnolls (D:2)
  A worker ant zombie (D:7)
  A howler monkey skeleton (D:7)
  8 adders
  3 shadow imps
  6 oozes
  4 worms
  2 dart slugs
  2 leopard geckos
  28 orcs
  A ball python (D:3)
  6 giant cockroaches
  3 goblins
  3 hobgoblins
  8 jackals
  4 kobolds
  7 quokkas
  5 bats
  A frilled lizard (D:3)
  A leopard gecko skeleton (D:4)
  2 quokka skeletons
  A quokka zombie (D:6)
  3 rats
167 creatures vanquished.

Vanquished Creatures (collateral kills)
  2 killer bees (D:7)
2 creatures vanquished.

Vanquished Creatures (others)
  6 plants (D:8)
6 creatures vanquished.

Grand Total: 175 creatures vanquished

Notes
Turn   | Place    | Note
-------+----------+-------------------------------------------
     0 | D:1      | Esekla the Octopode Wizard began the quest for the Orb.
     0 | D:1      | Reached XP level 1. HP: 11/11 MP: 4/4
     6 | D:1      | Noticed a swamp drake
     6 | D:1      | Noticed a lindwurm
     6 | D:1      | Noticed a redback
     8 | D:1      | Noticed an anaconda
     8 | D:1      | Noticed a black bear
   540 | D:2      | You fall into a shaft and drop 1 floor!
   774 | D:4      | Noticed an orc wizard
   774 | D:4      | Noticed an orc priest
   784 | D:3      | Reached XP level 2. HP: 17/17 MP: 1/6
   822 | D:3      | Reached XP level 3. HP: 15/22 MP: 8/8
   942 | D:3      | Learned a level 2 spell: Blink
   946 | D:3      | Learned a level 3 spell: Mephitic Cloud
   952 | D:4      | Learned a level 3 spell: Conjure Flame
   989 | D:5      | Entered Level 5 of the Dungeon
   997 | D:5      | Found a staircase to the Ecumenical Temple.
  1006 | Temple   | Entered the Ecumenical Temple
  1079 | Temple   | Became a worshipper of Qazlal Stormbringer
  1570 | D:3      | Reached skill level 1 in Fighting
  1719 | D:2      | Reached skill level 1 in Poison Magic
  1996 | D:2      | Reached XP level 4. HP: 28/28 MP: 9/9
  2509 | D:2      | Found a white marble altar of Elyvilon.
  2621 | D:2      | Reached skill level 4 in Spellcasting
  3194 | D:4      | Reached XP level 5. HP: 25/33 MP: 6/11
  3291 | D:5      | Found a bloodstained altar of Trog.
  3469 | D:6      | Reached skill level 1 in Air Magic
  3610 | D:6      | Found Mebutiniq's Antique Weapon Boutique.
  3627 | D:6      | Got a shimmering falchion
  3642 | D:6      | Identified the cursed +0 falchion "Usouggae" {drain, Str+4
                  | Int+4 Stlth-} (You found it on level 6 of the Dungeon)
  3645 | D:6      | Noticed a sky beast
  3660 | D:6      | Reached skill level 1 in Shields
  3692 | D:5      | Reached XP level 6. HP: 38/38 MP: 12/12
  3694 | D:5      | Noticed a slave
  3709 | D:5      | Noticed a slave
  3716 | D:5      | Noticed Pikel
  3809 | D:4      | Reached * piety under Qazlal
  3941 | D:4      | Reached skill level 1 in Polearms
  4378 | D:4      | Reached skill level 1 in Long Blades
  4390 | D:4      | Reached XP level 7. HP: 40/43 MP: 13/13
  4460 | D:4      | Found a burning altar of Makhleb.
  4996 | D:5      | Killed Pikel
  4996 | D:5      | Reached skill level 5 in Spellcasting
  4996 | D:5      | Reached XP level 8. HP: 15/50 MP: 12/15
  5357 | D:6      | Found Muumofast's Book Shoppe.
  6377 | D:6      | Found Hysas's Magic Scroll Shoppe.
  6385 | D:6      | Bought a scroll of identify for 28 gold pieces
  6385 | D:6      | Bought a scroll of identify for 28 gold pieces
  6385 | D:6      | Bought a scroll of noise for 14 gold pieces
  6562 | D:7      | Noticed a hippogriff
  6567 | D:7      | Reached ** piety under Qazlal
  6868 | D:7      | Reached XP level 9. HP: 41/54 MP: 15/17
  7249 | D:6      | Reached skill level 6 in Spellcasting
  7961 | D:8      | Found a blossoming altar of Fedhas.
  8106 | D:6      | Bought a book of Cantrips for 280 gold pieces
  8108 | D:6      | Learned a level 1 spell: Apportation
  8493 | D:8      | Reached skill level 1 in Fire Magic
  8566 | D:8      | Found a glowing silver altar of Zin.
  8581 | D:8      | Noticed Joseph
  8612 | D:8      | Killed Joseph
  8612 | D:8      | Reached skill level 5 in Poison Magic
  8634 | D:8      | Noticed a two-headed ogre
  8971 | D:8      | Killed a two-headed ogre
  8971 | D:8      | Reached skill level 7 in Spellcasting
  8971 | D:8      | Reached XP level 10. HP: 63/63 MP: 9/20
  9082 | D:8      | Noticed Gastronok
  9356 | D:9      | Reached *** piety under Qazlal
  9706 | D:10     | Entered Level 10 of the Dungeon
  9723 | D:10     | Noticed Maurice
  9787 | D:10     | Killed Maurice
  9897 | D:10     | Noticed Urug
  9971 | D:9      | Reached skill level 1 in Throwing
  9978 | D:9      | Slain by a killer bee

Illustrated notes

Levels and vault maps discovered:
D:1:      onia_arrival_zoo_common, layout_loops_ring, grunt_decor_arrowhead
D:2:      layout_basic, first_ration, elyvilon_altar_5
D:3:      layout_basic
D:4:      layout_basic, makhleb_blood_cavern_becter
D:5:      layout_basic, minmay_temple_entry_waves, basic_altar, uniq_pikel
D:6:      layout_gridville, serial_shops, shop, nicolae_shop_behind_doors,
          nicolae_shop_competitors_out_of_business, st_stairs_4
D:7:      layout_cave_pools
D:8:      layout_rooms, marbit_many_paths, nicolae_overflow_hidden_temple,
          fedhas_altar_decomposition, hangedman_little_slice_of_home,
          uniq_joseph, uniq_gastronok
D:9:      lemuel_ice_spiral_2, layout_basic, lemuel_crystal_altar
D:10:     lemuel_flame_loot_2, layout_loops_ring, trove_entry_hex_spiral,
          gammafunk_ghost_cemetery, minmay_lindwurm_lava, uniq_sonja, uniq_urug,
          uniq_maurice, uniq_fannar
Temple:   minmay_crystal_spiral_temple

Skill      XL: |  1  2  3  4  5  6  7  8  9 10 |
---------------+-------------------------------+-----
Fighting       | 1 2 3 |  3.4
Poison Magic   | 1 2 4 5 6 |  6.3
Spellcasting   | 4 5 7 |  7.3
Conjurations   | 2 3 4 |  4.0
Air Magic      | 1 2 3 4 |  4.4
Shields        | 1 2 3 4 |  4.9
Translocations | 2 3 |  3.2
Polearms       | 1 2 3 |  3.1
Long Blades    | 1 2 3 4 |  4.1
Dodging        | 3 |  3.8
Fire Magic     | 2 |  2.7
Throwing       | 1 |  1.0
Short Blades   | |  0.7
Stealth        | |  2.7
Summonings     | |  1.0

Action                   |  1- 3 |  4- 6 |  7- 9 | 10-12 || total
-------------------------+-------+-------+-------+-------++-------
Melee: Unarmed           |     5 |       |       |       ||     5
       Constrict         |    17 |    17 |    44 |    13 ||    91
       Rapier            |    31 |    24 |       |       ||    55
       Tentacles         |     6 |     9 |    37 |    13 ||    65
       Spear             |       |    20 |    99 |    42 ||   161
       Falchion          |       |    13 |    82 |    15 ||   110
Throw: Dart              |     1 |     3 |       |    11 ||    15
 Cast: Magic Dart        |    57 |    69 |   100 |    38 ||   264
       Blink             |       |       |    13 |       ||    13
       Mephitic Cloud    |       |       |     9 |     6 ||    15
       Conjure Flame     |       |       |     3 |       ||     3
  Use: Scroll            |     4 |     1 |     6 |     2 ||    13
       Potion            |       |     1 |     1 |       ||     2
 Stab: Sleeping          |     3 |     7 |       |       ||    10
       Confused          |       |       |     3 |       ||     3
  Eat: Chunk             |     3 |     7 |     3 |     5 ||    18
       Ration            |       |       |     3 |       ||     3
Armor: Skin              |     6 |     3 |     7 |     1 ||    17
Dodge: Dodged            |    49 |    60 |   127 |    36 ||   272
Block: Other             |       |     1 |    17 |     7 ||    25
       Rpst.: Falchion   |       |     6 |    32 |     3 ||    41

Table legend:
 A = Non-vault XP
 B = Vault XP
 C = Vault XP percentage of total XP
 D = Non-vault monster count
 E = Vault monster count
 F = Vault count percentage of total count
                 A         B        C        D         E       F
            +---------+---------+-------+---------+---------+-------
      Total |    4826 |    1936 |  28.6 |     152 |      13 |   7.9
            +---------+---------+-------+---------+---------+-------
        D:1 |      22 |       0 |   0.0 |      13 |       0 |   0.0
        D:2 |      65 |       0 |   0.0 |      12 |       0 |   0.0
        D:3 |      52 |       0 |   0.0 |      13 |       0 |   0.0
        D:4 |     267 |      45 |  14.4 |      19 |       1 |   5.0
        D:5 |     510 |     651 |  56.1 |      15 |       1 |   6.2
        D:6 |     843 |       0 |   0.0 |      15 |       0 |   0.0
        D:7 |     837 |       0 |   0.0 |      34 |       0 |   0.0
        D:8 |    1524 |     778 |  33.8 |      14 |      10 |  41.7
        D:9 |     672 |       0 |   0.0 |      15 |       0 |   0.0
       D:10 |      34 |     462 |  93.1 |       2 |       1 |  33.3
            +---------+---------+-------+---------+---------+-------
